 Dungeon Crawl Stone Soup version 0.29-a0-483-g69413ace17 (webtiles) character file.

Game seed: 632250628754829103

102 happo123 the Sneak (level 5, -2/28 HPs)
             Began as a Kobold Enchanter on May 25, 2022.
             Killed from afar by an orc wizard (7 damage)
             ... with a magic dart
             ... on level 3 of the Dungeon.
             The game lasted 00:06:42 (2135 turns).

happo123 the Sneak (Kobold Enchanter)               Turns: 2135, Time: 00:06:43

Health: -2/28      AC:  2    Str:  6    XL:     5   Next: 6%
Magic:  9/9        EV: 15    Int: 18    God:
Gold:   84         SH:  0    Dex: 15    Spells: 4/9 levels left

rFire   . . .      SeeInvis .   a - +1 dagger
rCold   . . .      Faith    .   (no shield)
rNeg    . . .      Spirit   .   b - +0 robe
rPois   .          Reflect  .   (no helmet)
rElec   .          Harm     .   (no cloak)
rCorr   .          Rampage  .   (no gloves)
Will    .....                   (no boots)
Stlth   ++........              (no amulet)
HPRegen 0.09/turn               (no ring)
MPRegen 0.11/turn               (no ring)

@: confused
A: small, no large weapons, nightstalker 3
a: no special abilities


You were on level 3 of the Dungeon.
You visited 1 branch of the dungeon, and saw 3 of its levels.

You collected 84 gold pieces.

Inventory:

Hand Weapons
 a - a +1 dagger (weapon)
Armour
 b - a +0 robe (worn)
Scrolls
 d - a scroll of brand weapon {unknown}
 e - a scroll of immolation {unknown}
 f - a scroll of magic mapping {unknown}
 h - 3 scrolls of identify {unknown}
 i - a scroll of noise {unknown}
 j - a scroll of vulnerability {unknown}
 o - a scroll of teleportation {unknown}
 p - a scroll of amnesia {unknown}
Potions
 c - 2 potions of invisibility
 g - a potion of resistance {unknown}
 k - a potion of haste {unknown}
 l - a potion of berserk rage {unknown}
 m - 5 potions of curing {unknown}
 n - a potion of degeneration {unknown}


   Skills:
 + Level 2.8 Short Blades
 + Level 3.3 Dodging
 + Level 4.9 Stealth
 + Level 2.9 Spellcasting
 + Level 3.6 Hexes


You had 4 spell levels left.
You knew the following spells:

 Your Spells              Type           Power      Damage    Failure   Level
a - Ensorcelled Hibernat  Hex/Ice        18%        N/A       12%         2
b - Tukima's Dance        Hex            15%        N/A       12%         3

Your spell library contained the following spells:

 Spells                   Type           Power      Damage    Failure   Level
 Confusing Touch          Hex            15%        N/A       12%         3
 Dazzling Flash           Conj/Hex       18%        N/A       24%         3
 Passwall                 Tmut/Erth      1%         N/A       26%         2
 Swiftness                Air            2%         N/A       45%         3


Dungeon Overview and Level Annotations

Branches:
Dungeon (3/15)

Altars:

Shops:
D:1 *


Innate Abilities, Weirdness & Mutations

You are small and have problems with some larger weapons.
You are completely attuned to the shadows.


Message History

The orc wizard casts a spell.
The orc wizard flickers and vanishes!
Deactivating autopickup; reactivate with Ctrl-A.
A hobgoblin comes into view.
The hobgoblin attacks as you move away! The hobgoblin barely misses you.
You hit the hobgoblin.
The hobgoblin is moderately wounded.
The hobgoblin barely misses you.
You hit the hobgoblin.
You kill the hobgoblin!
You hear some strange, mumbled words.
A magic dart appears from out of thin air!
The magic dart hits you!
* * * LOW HITPOINT WARNING * * *
You see here a hobgoblin corpse.
An orc is nearby!
An orc is nearby!
An orc is nearby!
An orc is nearby!
Something hits you but does no damage.
You hear some strange, mumbled words.
You are confused.
An orc is nearby!
An orc is nearby!
An orc is nearby!
An orc is nearby!
An orc is nearby!
An orc is nearby!
An orc is nearby!
An orc is nearby!
An orc is nearby!
An orc is nearby!
An orc is nearby!
An orc is nearby!
An orc is nearby!
You hear some strange, mumbled words.
You are more confused.
A magic dart appears from out of thin air!
The magic dart hits you!
You die...

.#..# #.....# #..
....############## #.....# #..
###..............# #..†..# #..
..............[..# #.....# #..
.................# #.....# #..
.<..############## ####### #..
...## #........########## ###
...#####.................########
................@................
...#####.................########
...# #.................# ...#
#.†....o.########## ...#
#......{.# #........# #........#
#........# ###†######


You could see an orc.

Vanquished Creatures
  An orc wizard (D:3)
  2 adders (D:2)
  2 orcs (D:3)
  7 bats
  7 endoplasms
  5 giant cockroaches
  A goblin (D:2)
  4 hobgoblins
  6 jackals (D:2)
  A kobold (D:1)
  2 quokkas
  6 ball pythons
  5 rats
49 creatures vanquished.

Notes
Turn   | Place    | Note
-------+----------+-------------------------------------------
     0 | D:1      | happo123 the Kobold Enchanter began the quest for the Orb.
     0 | D:1      | Reached XP level 1. HP: 10/10 MP: 3/3
   137 | D:1      | Found Roleerph's Assorted Antiques.
   181 | D:1      | Found a faded altar of an unknown god.
   310 | D:1      | Reached XP level 2. HP: 15/15 MP: 5/5
   313 | D:1      | Learned a level 2 spell: Ensorcelled Hibernation
  1127 | D:2      | Reached XP level 3. HP: 19/19 MP: 3/6
  1532 | D:2      | Reached XP level 4. HP: 21/24 MP: 7/7
  1536 | D:2      | Learned a level 3 spell: Tukima's Dance
  2100 | D:3      | Reached XP level 5. HP: 28/28 MP: 9/9
  2135 | D:3      | Killed from afar by an orc wizard

Illustrated notes

Levels and vault maps discovered:
D:1:      minmay_arrival_plants_in_alcoves, layout_basic, serial_shops, shop,
          chequers_ecumenical_altar_simple_redux
D:2:      layout_basic, st_stairs_5, minmay_split_cup_small
D:3:      wad_crossroads, layout_basic

Skill      XL: |  1  2  3 |
---------------+----------+-----
Short Blades   | 2 |  2.8
Dodging        | 3 |  3.3
Stealth        | |  4.9
Spellcasting   | |  2.9
Hexes          | |  3.6

Action                   |  1- 3 |  4- 6 || total
-------------------------+-------+-------++-------
Melee: Dagger            |    54 |    46 ||   100
 Cast: Ensorcelled Hiber |     5 |     2 ||     7
 Stab: Sleeping          |    18 |    14 ||    32
       Distracted        |       |     1 ||     1
Armor: Robe              |     4 |     6 ||    10
Dodge: Dodged            |    41 |    34 ||    75

Table legend: (Time is in decaauts)
 A = Elapsed time spent in this place.
 B = Non-inter-level travel time spent in this place.
 C = Inter-level travel time spent in this place.
 D = Time resting spent in this place.
 E = Time spent auto-exploring this place.
 F = Levels seen in this place.
 G = Mean time per level.
                   A        B        C        D        E       F      G
               +--------+--------+--------+--------+--------+-----+--------+
         Total |   2123 |   2037 |     86 |     54 |   1660 |   3 |  707.7 |
       Dungeon |   2123 |   2037 |     86 |     54 |   1660 |   3 |  707.7 |
               +--------+--------+--------+--------+--------+-----+--------+

Top non-repeatable levels by time:
     D:2: 973 daAuts
     D:1: 866 daAuts
     D:3: 283 daAuts
